 Dungeon Crawl Stone Soup version 0.26-a0-597-gb535b0901c (webtiles) character file.

Game seed: 2324168528143560690

(classic levelgen) 217003 EnegeticOcto the Severer (level 17, -12/144 HPs)
             Began as a Deep Dwarf Fighter on Aug 26, 2020.
             Was the Champion of Makhleb.
             Mangled by an azure jelly (19 damage)
             ... created by the Royal Jelly
             ... on level 5 of the Pits of Slime.
             The game lasted 00:19:27 (20067 turns).

EnegeticOcto the Severer (Deep Dwarf Fighter)      Turns: 20067, Time: 00:19:28

Health: -12/144    AC:  4    Str: 29      XL:     17   Next: 93%
Magic:  0/1        EV:  7    Int:  4 (5)  God:    Makhleb [******]
Gold:   1430       SH: 38    Dex: 15      Spells: 16/16 levels left

rFire    + . .     SeeInvis +   a - +0 broad axe
rCold    + . .     Faith    .   K - +10 tower shield of Ignorance {rN+ Int-4}
rNeg     + + .     Spirit   .   H - +2 chain mail {rPois}
rPois    +         Reflect  +   R - +2 helmet {SInv}
rElec    .         Harm     .   i - +2 cloak
rCorr    +                      (no gloves)
MR       ++...                  (no boots)
Stlth    ..........             A - amulet of reflection
HPRegen  0.00/turn              Y - ring "Yxarydie" {rF+ rC+ Str+2 Dex+3}
MPRegen  0.07/turn              c - ring of resist corrosion

@: mighty, corroded, stab, non-regenerating, hasted, very quick
A: damage resistance, heal wounds, molten scales 1, deterioration 1, frail 1,
negative energy resistance 1, sense surroundings 2, subdued magic 2, no
regeneration
}: 2/15 runes: decaying, gossamer
a: Heal Wounds, Minor Destruction, Lesser Servant of Makhleb, Major Destruction,
Greater Servant of Makhleb, Renounce Religion


You were on level 5 of the Pits of Slime.
You worshipped Makhleb.
Makhleb was exalted by your worship.
You visited 7 branches of the dungeon, and saw 37 of its levels.
You visited the Abyss 1 time.
You also visited: Bailey.

You collected 3206 gold pieces.
You spent 1776 gold pieces at shops.

Inventory:

Hand Weapons
 a - a +0 broad axe (weapon)
 b - a +0 dagger of distortion
 I - a +2 hand axe of flaming
Missiles
 f - 2 throwing nets (quivered)
Armour
 i - a +2 cloak (worn)
 z - a +0 plate armour of fire resistance
 H - a +2 chain mail of poison resistance (worn)
 K - the +10 tower shield of Ignorance (worn) {rN+ Int-4}
   (You bought it in a shop on level 9 of the Dungeon)

   It affects your intelligence (-4).
   It protects you from negative energy.
 R - a +2 helmet of see invisible (worn)
Jewellery
 c - a ring of resist corrosion (right hand)
 e - an uncursed ring of flight
 r - a +4 ring of protection
 s - an uncursed ring of protection from cold
 A - an amulet of reflection (around neck)
 E - an uncursed ring of protection from magic
 X - an uncursed amulet of the acrobat
 Y - the ring "Yxarydie" (left hand) {rF+ rC+ Str+2 Dex+3}
   (You acquired it on level 4 of the Swamp)

   [ring of protection from fire]

   It affects your strength (+2).
   It affects your dexterity (+3).
   It protects you from fire.
   It protects you from cold.
Wands
 j - a wand of acid (3) {@v1}
 q - a wand of digging (20) {@v3}
 u - a wand of flame (91) {@v4}
 v - a wand of iceblast (16)
 y - a wand of polymorph (26)
 C - a wand of paralysis (7)
 L - a wand of disintegration (6)
Scrolls
 g - 4 scrolls of enchant armour
 k - 2 scrolls of fear
 l - 10 scrolls of remove curse {@r2}
 B - 4 scrolls of immolation {@r4}
 G - 10 scrolls of identify {@r1}
 J - 2 scrolls of silence
 N - 8 scrolls of teleportation {@r3}
 Q - 4 scrolls of fog
 U - a scroll of enchant weapon
 Z - a scroll of magic mapping {@r5}
Potions
 d - 2 potions of might {@q3}
 h - a potion of invisibility
 m - 4 potions of mutation
 n - a potion of resistance {@q6}
 o - 3 potions of heal wounds {@q2}
 t - 5 potions of curing {@q1}
 w - 4 potions of flight
 D - a potion of magic
 M - 4 potions of lignification {@q7}
 O - a potion of stabbing {@q5}
 P - 8 potions of ambrosia
 V - a potion of berserk rage
Miscellaneous
 p - a phial of floods
 x - a tin of tremorstones (1/3)
 F - a lightning rod (4/4)
 S - a condenser vane (2/2)
 T - a box of beasts (3/3)


   Skills:
 + Level 12.3 Fighting
 - Level 18.0 Axes
 + Level 14.4 Armour
 * Level 17.0 Shields
 * Level 16.0 Invocations
 * Level 9.2 Evocations


You had 16 spell levels left.
You didn't know any spells.
Your spell library contained the following spells:

 Spells                   Type           Power        Failure   Level
 Animate Skeleton         Necr           #.....       99%         1
 Apportation              Tloc           #.....       99%         1
 Corona                   Hex            #......      99%         1
 Foxfire                  Conj/Fire      #...         99%         1
 Pain                     Necr           #...         99%         1
 Sandblast                Erth           #.....       99%         1
 Shock                    Conj/Air       #...         99%         1
 Summon Small Mammal      Summ           #...         99%         1
 Blink                    Tloc           N/A          100%        2
 Corpse Rot               Necr/Air       N/A          100%        2
 Ensorcelled Hibernation  Hex/Ice        #.....       100%        2
 Passwall                 Tmut/Erth      #.......     100%        2
 Swiftness                Air            #.......     100%        2
 Confusing Touch          Hex            #.......     100%        3
 Dazzling Flash           Conj/Hex       #.....       100%        3
 Gell's Gravitas          Tloc           #.........   100%        3
 Ignite Poison            Fire/Tmut/Pois #.......     100%        3
 Lesser Beckoning         Tloc           #.........   100%        3
 Static Discharge         Conj/Air       #.......     100%        3
 Stone Arrow              Conj/Erth      #.....       100%        3
 Teleport Other           Tloc           #.......     100%        3
 Tukima's Dance           Hex            #.......     100%        3
 Vampiric Draining        Necr           #.........   100%        3
 Airstrike                Air            #.........   100%        4
 Animate Dead             Necr           #.........   100%        4
 Cause Fear               Hex            #.........   100%        4
 Fulminant Prism          Conj/Hex       #.........   100%        4
 Passage of Golubria      Tloc           N/A          100%        4
 Petrify                  Tmut/Erth      #.......     100%        4
 Agony                    Necr           #.......     100%        5
 Fireball                 Conj/Fire      #.........   100%        5
 Irradiate                Conj/Tmut      #.........   100%        5
 Lee's Rapid Deconstruct  Erth           #.........   100%        5
 Lightning Bolt           Conj/Air       #.........   100%        5
 Silence                  Hex/Air        #.........   100%        5
 Yara's Violent Unravell  Hex/Tmut       #.........   100%        5
 Hydra Form               Tmut           #.........   100%        6
 Starburst                Conj/Fire      #.........   100%        6
 Statue Form              Tmut/Erth      #........    100%        6
 Dragon Form              Tmut           #.........   100%        7
 Chain Lightning          Conj/Air       #.........   100%        8
 Discord                  Hex            #.........   100%        8
 Ignition                 Fire           #.........   100%        8
 Lehudib's Crystal Spear  Conj/Erth      #.........   100%        8
 Absolute Zero            Ice            #.........   100%        9
 Dragon's Call            Summ           #.........   100%        9
 Fire Storm               Conj/Fire      #.........   100%        9


Dungeon Overview and Level Annotations

Branches:
Dungeon (15/15)            Temple (1/1) D:7            Lair (6/6) D:8
  Swamp (4/4) Lair:4       Spider (4/4) Lair:2        Slime (5/5) Lair:6
    Orc (2/2) D:11            Elf (0/3) Orc:2        Vaults (0/5) D:13
 Depths (0/5) D:15         Bailey (visited)

Altars:
Ashenzari
Cheibriados
Elyvilon
Fedhas
Gozag
Hepliaklqana
Kikubaaqudgha
Makhleb
Sif Muna
Uskayaw
Vehumet
Wu Jian
Xom
Yredelemnul
The Shining One
Beogh
Jiyva

Shops:
D:9 [   Orc:2 [!}?

Annotations:
Spider:1 Roxanne


Innate Abilities, Weirdness & Mutations

You are resistant to damage.
You can heal yourself by infusing magical energy.
You resist negative energy. (rN+)
You passively map the area around you.
You do not regenerate.
You are partially covered in molten scales. (AC +2)
Your body sometimes deteriorates upon taking damage.
You are frail. (-10% HP)
Your spells are easier to cast, but less powerful.


Message History

Your shield prevents you from hitting the azure jelly.
You hit the death ooze.
You destroy the death ooze!
That felt strangely unrewarding.
The acid blob is engulfed in blazing flames. x2
You block the acid blob's attack.
Evoke which item? (* to show all) (? for menu, Esc to quit)
The tremorstone explodes into fragments!
The burst of rock shards engulfs the azure jelly.
The burst of rock shards engulfs the death ooze!!
The burst of rock shards engulfs the death ooze!
The burst of rock shards engulfs the acid blob!
The burst of rock shards engulfs the eye of draining!!
The burst of rock shards engulfs the death ooze!
The burst of rock shards engulfs the acid blob!!
The burst of rock shards engulfs the death ooze!
The burst of rock shards engulfs the death ooze!!
The burst of rock shards engulfs the azure jelly!
The burst of rock shards engulfs the eye of draining!!
You kill the eye of draining!
Makhleb accepts your kill.
You feel better.
The burst of rock shards engulfs the acid blob!!
The burst of rock shards engulfs the death ooze!!
The burst of rock shards engulfs the acid blob!!
You kill the acid blob!
Makhleb accepts your kill.
You feel better.
Your condenser vane (2/2) has regained one charge.
The burst of rock shards engulfs the death ooze!!
The burst of rock shards engulfs the azure jelly!
The burst of rock shards engulfs the death ooze!!
You destroy the death ooze!
That felt strangely unrewarding.
The burst of rock shards engulfs the death ooze!
The burst of rock shards engulfs the death ooze!!
You destroy the death ooze!
That felt strangely unrewarding.
The burst of rock shards engulfs the death ooze!
The burst of rock shards engulfs the acid blob!!
You kill the acid blob!
That felt strangely unrewarding.
The burst of rock shards engulfs the azure jelly! x2
The burst of rock shards engulfs you!
The burst of rock shards engulfs the death ooze!
You destroy the death ooze!
That felt strangely unrewarding.
The burst of rock shards engulfs the death ooze!
You block the azure jelly's attack. The azure jelly hits you.
The azure jelly freezes you! You resist. You block the azure jelly's attack.
The azure jelly hits you but does no damage.
The death ooze is engulfed in blazing flames. x2
You destroy the death ooze!
That felt strangely unrewarding.
The acid blob is engulfed in blazing flames.
The acid blob hits you!!
Your body deteriorates!
You feel dopey. The acid corrodes you!
You are splashed with acid.
You resist.
Evoke which item? (* to show all) (? for menu, Esc to quit)
The tremorstone explodes into fragments!
The burst of rock shards engulfs the death ooze!
The burst of rock shards engulfs the acid blob!
The burst of rock shards engulfs the azure jelly!
The burst of rock shards engulfs the azure jelly!!
The burst of rock shards engulfs you!
The burst of rock shards engulfs the death ooze!!
The burst of rock shards engulfs the acid blob!
The burst of rock shards engulfs the azure jelly!
The burst of rock shards engulfs the death ooze!!
You destroy the death ooze!
That felt strangely unrewarding.
The burst of rock shards engulfs the acid blob!!
You kill the acid blob!
That felt strangely unrewarding.
The burst of rock shards engulfs the azure jelly!
The burst of rock shards engulfs the azure jelly!!
The azure jelly hits you. The azure jelly freezes you! You resist.
You block the azure jelly's attack. x2; The azure jelly completely misses you.
The azure jelly hits you! The azure jelly freezes you! You resist.
The azure jelly hits you. The azure jelly freezes you!! You resist.
* * * LOW HITPOINT WARNING * * *
You block the azure jelly's attack. The azure jelly hits you!
* * * LOW HITPOINT WARNING * * *
You are too injured to fight recklessly!
You are too injured to fight recklessly!
You are too injured to fight recklessly!
You hit the azure jelly but do no damage.
The azure jelly is almost dead.
You hit the azure jelly. You block the azure jelly's attack. x2
The azure jelly hits you but does no damage.
The azure jelly hits you.
* * * LOW HITPOINT WARNING * * *
The azure jelly hits you.
* * * LOW HITPOINT WARNING * * *
The azure jelly freezes you! You resist.
* * * LOW HITPOINT WARNING * * *
The azure jelly hits you.
* * * LOW HITPOINT WARNING * * *
The azure jelly freezes you!! You resist.
You die...

,,
..................,
, ,,
..................,
,..................,
, , ,
....###..##.#...., ,
....* ##.#####... ,
,..# , #..# ##. , ,
, , ..## ,##§# ,*# ,
##?)$##§J##?}$# , ,
#[[)}?J@..$|$}$# , ,
, * #)[:/..J§..()))#
, ##!(.)..§.:.)[## ,
, ##.....§....## ,,
,#......§§....# , ,
, , ,
*........§§...... ,
, ###..........###*
, , )$."....).)$ , ,
, ,


You could see 3 azure jellies.

Vanquished Creatures
  the Royal Jelly (Slime:5)
  Rupert (Orc:2)
  Jorgrun (Spider:2)
  6 acid blobs (Slime:5)
  2 thorn hunters (Swamp:4)
  Kirke (Swamp:4)
  Donald (Swamp:4)
  5 azure jellies
  Louise (D:15)
  3 emperor scorpions
  A deep elf elementalist (Abyss:2)
  A hydra skeleton (Swamp:4)
  2 entropy weavers (Spider:3)
  The ghost of Graouh the Peltast, a journeyman MiFi of Okawaru (D:15)
  Azrael (D:14)
  11 death oozes (Slime:5)
  2 great orbs of eyes
  Fannar (Lair:1)
  Harold (D:8)
  An ogre mage (D:15)
  5 hydras
  A catoblepas (D:15)
  A rakshasa (D:15)
  An anaconda (shapeshifter) (D:15)
  5 shambling mangroves
  2 alligators
  5 centaur warriors
  9 two-headed ogres
  A tengu warrior (D:15)
  5 death yaks
  A queen ant (Spider:3)
  4 orc high priests (Orc:2)
  Sonja (Lair:4)
  A spriggan druid (Swamp:4)
  A glowing orange brain (D:15)
  2 sea snakes (Lair:6)
  A swamp dragon (Swamp:3)
  2 spectral hydras (Swamp:4)
  2 wizards
  A necromancer (D:13)
  2 orc knights (D:15)
  9 orb spiders
  24 wolf spiders
  14 ugly things
  2 oklob plants
  2 shining eyes
  A deep elf mage (D:10)
  2 moths of wrath
  4 manticores
  An orc sorcerer (Orc:2)
  A cyclops (D:15)
  11 elephants
  Maurice (D:8)
  2 black mambas
  Joseph (D:7)
  3 torpor snails
  3 eyes of devastation
  9 cane toads
  A gargoyle (D:11)
  3 kobold demonologists
  5 komodo dragons
  An efreet (D:14)
  A freezing wraith (D:15)
  An ancient zyme (Abyss:2)
  5 rime drakes
  8 demonic crawlers
  A hellwing (Abyss:2)
  A polar bear (Lair:6)
  A hydra zombie (Swamp:4)
  2 queen bees
  4 trolls
  6 tyrant leeches
  5 meliai
  A polar bear (shapeshifter) (D:15)
  16 hornets
  2 death drake zombies (Swamp:4)
  20 jumping spiders
  A raiju (shapeshifter) (D:14)
  5 blink frogs (Lair:3)
  A meliai zombie (D:15)
  7 dream sheep (Lair:6)
  3 bog bodies
  58 slime creatures
  A raiju (Abyss:2)
  10 hippogriffs
  32 redbacks
  A vampire (D:15)
  2 shadows
  15 tarantellas
  2 wraiths
  3 wyverns
  A yak (shapeshifter) (D:15)
  5 fire elementals (D:14)
  6 yaks
  7 hogs (Swamp:4)
  4 basilisks
  4 golden eyes (Slime:2)
  19 vampire mosquitoes
  20 soldier ants
  2 wargs
  6 water moccasins
  7 swamp worms
  2 hydra simulacra (Swamp:4)
  2 hell hounds (D:14)
  An acid dragon (D:13)
  33 orc warriors
  15 porcupines
  7 swamp drakes
  3 phantoms
  An ice beast (D:11)
  2 sky beasts
  A black bear (D:13)
  2 eyes of draining
  2 swamp dragon zombies (Swamp:4)
  18 wolves
  13 ogres
  13 centaurs
  17 crocodiles
  4 big kobolds
  A wyvern zombie (D:6)
  12 bullfrogs
  A gnoll sergeant (Orc:2)
  A water moccasin zombie (D:7)
  2 wyvern skeletons
  3 scorpions
  A small abomination (Abyss:2)
  31 killer bees
  3 wights (D:11)
  3 electric eels
  A howler monkey (D:5)
  2 bullfrog zombies
  2 centaur zombies
  A quasit (D:6)
  5 hounds
  A bullfrog skeleton (D:5)
  30 orc priests
  2 jellies
  5 centaur skeletons
  21 orc wizards
  5 iguanas
  Terence (D:3)
  46 worker ants
  A hound zombie (D:7)
  2 hound skeletons (D:8)
  Robin (D:3)
  A howler monkey zombie (D:5)
  2 worker ant zombies
  7 adders
  13 gnolls
  A river rat (D:6)
  2 shadow imps (D:5)
  3 white imps
  3 ufetubi
  2 adder zombies
  4 worms
  2 dart slugs
  5 leopard geckos
  73 orcs
  A ball python (D:5)
  3 giant cockroaches
  15 goblins
  6 hobgoblins
  10 jackals
  5 quokkas
  A ball python zombie (D:5)
  2 bats
  2 frilled lizards
  A jackal zombie (D:4)
  28 kobolds
  A leopard gecko skeleton (D:6)
  A quokka skeleton (D:6)
  A quokka zombie (D:5)
  4 rats
  6 briar patches (Swamp:4)
1018 creatures vanquished.

Vanquished Creatures (collateral kills)
  A thorn hunter (Swamp:4)
  2 ghost moths (Spider:4)
  An emperor scorpion (Spider:4)
  2 vampire knights (Swamp:4)
  An entropy weaver (Spider:4)
  A death ooze (Slime:5)
  5 hydras
  A merfolk avatar (Lair:6)
  4 death yaks (Lair:6)
  A shambling mangrove (Swamp:4)
  5 swamp dragons (Swamp:4)
  2 spriggan druids (Swamp:4)
  2 spectral hydras (Swamp:4)
  6 wolf spiders (Spider:4)
  A harpy (Lair:6)
  3 orb spiders (Spider:4)
  2 oklob plants (Swamp:4)
  An orc knight (Orc:2)
  A phantasmal warrior (Swamp:4)
  2 elephants (Lair:6)
  A manticore (Lair:6)
  2 cane toads
  2 komodo dragons (Lair:6)
  A rime drake (Lair:6)
  A hydra zombie (Swamp:4)
  4 jumping spiders (Spider:4)
  3 polar bears (Lair:6)
  A wind drake (Lair:6)
  4 death drake zombies (Swamp:4)
  8 hornets
  2 spriggans (Swamp:4)
  3 yaks (D:11)
  A tarantella (Spider:2)
  A shadow (Swamp:4)
  6 redbacks (Spider:4)
  A swamp worm (Swamp:4)
  3 swamp drakes (Swamp:4)
  6 orc warriors (Orc:2)
  A necrophage (D:11)
  2 swamp dragon zombies (Swamp:4)
  A crocodile (Lair:6)
  A bullfrog skeleton (D:11)
  4 orc priests (Orc:2)
  5 orc wizards
  An iguana (D:11)
  A worker ant (D:11)
  3 gnolls (Orc:2)
  A leopard gecko (D:11)
  4 orcs (Orc:2)
118 creatures vanquished.

Vanquished Creatures (others)
  An ugly thing (Swamp:4)
  An orb spider (Spider:2)
  A redback (Spider:4)
  An orc (D:15)
  2 kobolds (D:11)
  12 fungi
  53 plants
71 creatures vanquished.

Grand Total: 1207 creatures vanquished

Notes
Turn   | Place    | Note
-------+----------+-------------------------------------------
     0 | D:1      | EnegeticOcto the Deep Dwarf Fighter began the quest for the
                  | Orb.
     0 | D:1      | Reached XP level 1. HP: 20/20 MP: 1/1
    63 | D:2      | Noticed a worker ant
    74 | D:2      | Killed a worker ant
    74 | D:2      | Reached skill level 3 in Axes
    74 | D:2      | Reached XP level 2. HP: 27/27 MP: 2/2
    74 | D:2      | Reached XP level 3. HP: 33/33 MP: 3/3
   248 | D:3      | Noticed Terence
   253 | D:3      | Noticed Robin
   259 | D:3      | Killed Terence
   259 | D:3      | Reached XP level 4. HP: 27/42 MP: 4/4
   265 | D:3      | Killed Robin
   435 | D:4      | Noticed an ogre
   447 | D:4      | Killed an ogre
   447 | D:4      | Reached skill level 4 in Axes
   447 | D:4      | Reached XP level 5. HP: 33/49 MP: 5/5
   482 | D:5      | Entered Level 5 of the Dungeon
   482 | D:5      | Noticed an ogre
   495 | D:4      | Killed an ogre
   495 | D:4      | Reached XP level 6. HP: 52/57 MP: 5/5
   596 | D:4      | Reached skill level 5 in Axes
  1019 | D:4      | Found an opulent altar of Gozag.
  1228 | D:5      | Reached XP level 7. HP: 50/64 MP: 6/6
  1266 | D:5      | Reached skill level 5 in Armour
  1266 | D:5      | Reached skill level 5 in Shields
  1290 | D:5      | Reached skill level 6 in Axes
  2042 | D:6      | Reached XP level 8. HP: 46/73 MP: 6/6
  2047 | D:6      | Reached skill level 7 in Axes
  2756 | D:7      | Found a hide-covered altar of Uskayaw.
  2784 | D:7      | Reached skill level 5 in Fighting
  2872 | D:7      | Found a staircase to the Ecumenical Temple.
  2877 | Temple   | Entered the Ecumenical Temple
  2898 | Temple   | Became a worshipper of Makhleb the Destroyer
  3022 | D:7      | Noticed Joseph
  3025 | D:7      | Noticed a hippogriff
  3034 | D:7      | Reached skill level 1 in Invocations
  3037 | D:7      | Reached skill level 8 in Axes
  3050 | D:7      | Killed Joseph
  3050 | D:7      | Gained mutation: You passively map the area around you.
                  | [Deep Dwarf growth]
  3050 | D:7      | Reached XP level 9. HP: 47/81 MP: 8/8
  3370 | D:8      | Reached skill level 9 in Axes
  3507 | D:8      | Reached * piety under Makhleb
  3647 | D:8      | Found a staircase to the Lair.
  3650 | D:8      | Noticed Harold
  3658 | D:8      | Noticed Psyche
  3709 | D:8      | Killed Harold
  3709 | D:8      | Reached skill level 10 in Axes
  3709 | D:8      | Reached skill level 5 in Invocations
  3709 | D:8      | Reached XP level 10. HP: 91/91 MP: 9/9
  3716 | D:8      | Cast into level 2 of the Abyss (Psyche)
  3825 | Abyss:2  | Noticed a deep elf elementalist
  3843 | Abyss:2  | Killed a deep elf elementalist
  3868 | Abyss:2  | Noticed a starcursed mass
  3871 | D:8      | Escaped the Abyss
  3873 | D:8      | Noticed Psyche
  3873 | D:8      | Psyche changed into Psyche the basilisk
  3882 | D:8      | Killed Psyche the basilisk
  3911 | D:8      | Reached ** piety under Makhleb
  3911 | D:8      | Reached skill level 11 in Axes
  3990 | D:8      | Noticed Maurice
  4004 | D:8      | Killed Maurice
  4317 | D:9      | Reached XP level 11. HP: 96/100 MP: 11/11
  4561 | D:9      | Found an ancient bone altar of Kikubaaqudgha.
  4635 | D:9      | Found Orghub's Antique Armour Shop.
  4698 | D:9      | Found a flagged portal.
  4723 | Bailey   | Entered a bailey
  5218 | D:10     | Entered Level 10 of the Dungeon
  5342 | D:10     | Noticed a deep elf mage
  5351 | D:10     | Reached *** piety under Makhleb
  5369 | D:10     | Killed a deep elf mage
  5947 | D:11     | Noticed a five-headed hydra
  5961 | D:11     | Killed a five-headed hydra
  5973 | D:11     | Reached skill level 12 in Axes
  6127 | D:11     | Noticed a soul eater
  6138 | D:11     | Noticed a soul eater
  6220 | D:11     | Reached **** piety under Makhleb
  6411 | D:11     | Found a roughly hewn altar of Beogh.
  6644 | D:11     | Found a roughly hewn altar of Beogh.
  6645 | D:11     | Found a staircase to the Orcish Mines.
  6688 | D:11     | Reached ***** piety under Makhleb
  6958 | Orc:1    | Entered Level 1 of the Orcish Mines
  7152 | Orc:2    | Entered Level 2 of the Orcish Mines
  7153 | Orc:2    | Found a staircase to the Elven Halls.
  7169 | Orc:2    | Reached XP level 12. HP: 110/110 MP: 10/10
  7177 | Orc:2    | Noticed an orc high priest
  7193 | Orc:2    | Killed an orc high priest
  7194 | Orc:2    | Noticed an orc high priest
  7207 | Orc:2    | Killed an orc high priest
  7226 | Orc:2    | Noticed an orc high priest
  7233 | Orc:2    | Noticed an orc high priest
  7238 | Orc:2    | Killed an orc high priest
  7238 | Orc:2    | Reached skill level 13 in Axes
  7247 | Orc:2    | Killed an orc high priest
  7256 | Orc:2    | Reached skill level 10 in Armour
  7270 | Orc:2    | Found Furherhijile's Distillery.
  7270 | Orc:2    | Found Adued's Magic Scroll Emporium.
  7270 | Orc:2    | Found Teijunt's Gadget Emporium.
  7273 | Orc:2    | Found Aneoduq's Antique Armour Shoppe.
  7277 | Orc:2    | Reached skill level 10 in Shields
  7539 | Orc:2    | Noticed Rupert
  7552 | Orc:2    | Paralysed by Rupert for 3 turns
  7556 | Orc:2    | HP: 4/112 [orc warrior/+0 trident[an orc knight] (7)]
  7586 | Orc:2    | Killed Rupert
  8044 | Orc:1    | Noticed a two-headed ogre
  8055 | Orc:1    | Killed a two-headed ogre
  8472 | D:12     | Reached skill level 10 in Invocations
  8683 | D:12     | Reached skill level 14 in Axes
  9110 | D:13     | Reached XP level 13. HP: 54/121 MP: 7/7
  9287 | D:9      | Bought the +10 tower shield of Ignorance {rN+ Int-4} for
                  | 1776 gold pieces
  9287 | D:9      | Found the +10 tower shield of Ignorance {rN+ Int-4}
  9365 | Lair:1   | Entered Level 1 of the Lair of Beasts
  9410 | Lair:1   | Reached ****** piety under Makhleb
  9490 | Lair:1   | Noticed Fannar
  9530 | Lair:1   | Killed Fannar
  9898 | Lair:2   | Found a hole to the Spider Nest.
 10209 | Lair:3   | Identified the Catalogue of Destructive Lightness
 10952 | Lair:4   | Found a staircase to the Swamp.
 11183 | Lair:4   | Noticed Sonja
 11189 | Lair:4   | Noticed a green death
 11190 | Lair:4   | Noticed a cacodemon
 11192 | Lair:4   | Noticed a cacodemon
 11201 | Lair:4   | Gained mutation: Your spells are a little easier to cast,
                  | but a little less powerful. [a cacodemon]
 11267 | Spider:1 | Entered Level 1 of the Spider Nest
 11336 | Spider:1 | Reached skill level 15 in Axes
 11436 | Spider:1 | Noticed Roxanne
 11672 | Spider:1 | Gained mutation: You resist negative energy. (rN+) [Deep
                  | Dwarf growth]
 11672 | Spider:1 | Reached XP level 14. HP: 128/130 MP: 5/5
 11834 | Spider:2 | Noticed Jorgrun
 11852 | Spider:2 | Killed Jorgrun
 11856 | Spider:2 | Reached skill level 10 in Fighting
 12257 | Spider:3 | Noticed an emperor scorpion
 12294 | Spider:3 | Killed an emperor scorpion
 12419 | Spider:3 | Noticed an entropy weaver
 12419 | Spider:3 | Noticed an entropy weaver
 12437 | Spider:3 | Killed an entropy weaver
 12452 | Spider:3 | Killed an entropy weaver
 12509 | Spider:3 | Reached skill level 16 in Axes
 12886 | Spider:4 | Entered Level 4 of the Spider Nest
 13027 | Spider:4 | Noticed a ghost moth
 13034 | Spider:4 | Reached XP level 15. HP: 98/140 MP: 0/7
 13040 | Spider:4 | Killed a ghost moth
 13040 | Spider:4 | Noticed a ghost moth
 13057 | Spider:4 | Killed a ghost moth
 13119 | Spider:4 | Got a gossamer rune of Zot
 13829 | D:13     | Found a gate to the Vaults.
 15055 | D:14     | Noticed Azrael
 15089 | D:14     | Killed Azrael
 15123 | D:14     | Reached skill level 17 in Axes
 15259 | D:15     | Entered Level 15 of the Dungeon
 15317 | D:15     | Noticed Louise
 15387 | D:15     | Killed Louise
 15509 | D:15     | Found a staircase to the Depths.
 15680 | D:15     | Found a transporter.
 15682 | D:15     | Found a transporter.
 15700 | D:15     | Reached XP level 16. HP: 127/150 MP: 5/5
 15749 | D:15     | Reached skill level 15 in Shields
 16012 | D:15     | Noticed Graouh's ghost (journeyman MiFi)
 16144 | D:15     | Killed Graouh's ghost
 16493 | Lair:4   | Killed Sonja
 17228 | Lair:5   | Identified the cursed +1 chain mail of Wiuxyo Tyff {rElec
                  | rN+++ Dex+4 Stlth-} (You found it on level 5 of the Lair of
                  | Beasts)
 17610 | Lair:6   | Entered Level 6 of the Lair of Beasts
 18349 | Lair:6   | Found a viscous altar of Jiyva.
 18349 | Lair:6   | Found a staircase to the Slime Pits.
 18420 | Swamp:1  | Entered Level 1 of the Swamp
 18441 | Swamp:1  | Reached skill level 18 in Axes
 18765 | Swamp:1  | Reached skill level 1 in Evocations
 19040 | Swamp:4  | Entered Level 4 of the Swamp
 19040 | Swamp:4  | Noticed Donald
 19072 | Swamp:4  | Killed Donald
 19285 | Swamp:4  | Reached XP level 17. HP: 82/159 MP: 1/1
 19299 | Swamp:4  | Reached skill level 5 in Evocations
 19351 | Swamp:4  | Noticed Kirke
 19375 | Swamp:4  | Killed Kirke
 19394 | Swamp:4  | Found a basalt altar of Yredelemnul.
 19406 | Swamp:4  | Reached skill level 15 in Invocations
 19423 | Swamp:4  | Identified a scroll of acquirement
 19424 | Swamp:4  | Acquired the ring "Yxarydie" {rF+ rC+ Str+2 Dex+3}
 19448 | Swamp:4  | Found a blossoming altar of Fedhas.
 19492 | Swamp:4  | Got a decaying rune of Zot
 19710 | Slime:1  | Entered Level 1 of the Pits of Slime
 19933 | Slime:4  | Gained mutation: Your spells are easier to cast, but less
                  | powerful. [a shining eye]
 19937 | Slime:4  | Gained mutation: You are partially covered in molten
                  | scales. (AC +2) [a shining eye]
 19945 | Slime:5  | Entered Level 5 of the Pits of Slime
 19975 | Slime:5  | Noticed an acid blob
 19994 | Slime:5  | Killed an acid blob
 20010 | Slime:5  | Found a viscous altar of Jiyva.
 20011 | Slime:5  | Noticed the Royal Jelly
 20029 | Slime:5  | Noticed an acid blob
 20044 | Slime:5  | Gained mutation: You are frail. (-10% HP) [a shining eye]
 20045 | Slime:5  | Noticed an acid blob
 20049 | Slime:5  | Gained mutation: Your body sometimes deteriorates upon
                  | taking damage. [a shining eye]
 20050 | Slime:5  | Noticed an acid blob
 20050 | Slime:5  | Noticed an acid blob
 20056 | Slime:5  | Killed an acid blob
 20057 | Slime:5  | Killed an acid blob
 20063 | Slime:5  | Noticed an acid blob
 20064 | Slime:5  | Killed the Royal Jelly
 20065 | Slime:5  | Killed an acid blob
 20065 | Slime:5  | Killed an acid blob
 20066 | Slime:5  | Killed an acid blob
 20067 | Slime:5  | HP: 7/144 [azure jelly[the Royal Jelly] (3)]
 20067 | Slime:5  | Mangled by an azure jelly

Illustrated notes

Levels and vault maps discovered:
D:1:      dpeg_arrival_pits, layout_rooms, corexii_hall_statues_l
D:2:      layout_loops_cross, lemuel_coloured_pillars_altar, old_standard_altar,
          uniq_sigmund
D:3:      layout_loops_cross, uniq_robin, uniq_terence
D:4:      layout_loops_corners, nicolae_gozag_seed_capital
D:5:      layout_cave_pools, chequers_serial_rivers_large_a
D:6:      layout_basic, gup_sewer_entry_bubbles
D:7:      layout_cave_pools, eat_drink_and_be_merry_uskayaw, temple_doors_e,
          kennysheep_generic_room_7, uniq_joseph
D:8:      layout_basic, minmay_lair_entry_grove, dk_vineyard_3, uniq_psyche,
          uniq_maurice, uniq_harold
D:9:      layout_irregular_city, kiku_gazebo_garden_becter, serial_shops,
          kennysheep_mini_moat, enter_bailey_3
D:10:     layout_irregular_city
D:11:     layout_basic, david_orc_5, special_room [special_room_orc]
D:12:     layout_small_grid
D:13:     layout_layer_cave, david_vaults_1
D:14:     layout_basic, minmay_misc_feat_square, uniq_azrael
D:15:     gammafunk_enter_depths_forms, layout_rooms, nicolae_two_hexagons,
          gammafunk_ghost_hive, item_on_display_a, uniq_louise
Temple:   eino_narrow_crystal_temple
Lair:1:   layout_long_grid, serial_bayou_lake_a, uniq_fannar
Lair:2:   layout_small_grid, spider_nest_entry_web_field
Lair:3:   layout_chaotic_city, st_stairs_13, minivault_19,
          hangedman_lair_unloving_vines
Lair:4:   layout_misc_corridors, swamp_mist, uniq_sonja
Lair:5:   layout_regular_city, minivault_25, beast_lair_carwin_4,
          serial_bayou_shore_a, grunt_megastairs_5
Lair:6:   gammafunk_lair_ancient_temple, layout_cave_shapes, slime_altar_1,
          columned_hall_lemuel
Swamp:1:  layout_falls_marsh, infiniplex_staircase_pool_2
Swamp:2:  layout_basic_swamp, evilmike_swamp_ruin_house_4, swamp_pool1,
          uniq_nikola
Swamp:3:  layout_basic_swamp, evilmike_swamp_ruin_house_3, swamp_pool1,
          uniq_aizul
Swamp:4:  byrel_swamp_growth_death_and_undeath, layout_basic_swamp, uniq_kirke,
          uniq_donald
Spider:1: layout_spider_delve, special_room [special_room_bee], uniq_roxanne
Spider:2: layout_spider_delve, uniq_jorgrun
Spider:3: layout_chambers, zaba_anthell
Spider:4: grunt_spider_rune_parallel
Slime:1:  layout_caves
Slime:2:  layout_caves
Slime:3:  layout_caves, nicolae_slime_barrier
Slime:4:  layout_caves
Slime:5
Orc:1:    layout_caves
Orc:2:    st_orc_mages, layout_caves, uniq_rupert

Skill      XL: |  1  2  3  4  5  6  7  8  9 10 11 12 13 14 15 16 17 |
---------------+----------------------------------------------------+-----
Axes           | 3 4 5 6 8 10 11 12 14 15 16 17 18 | 18.0
Fighting       | 3 4 5 6 7 8 9 10 11 12 | 12.3
Armour         | 4 5 6 7 8 9 10 11 12 13 14 | 14.4
Shields        | 4 5 6 7 8 9 10 12 13 14 16 17 | 17.0
Invocations    | 2 5 6 8 10 11 12 13 14 16 | 16.0
Evocations     | 4 9 |  9.2

Action                   |  1- 3 |  4- 6 |  7- 9 | 10-12 | 13-15 | 16-18 || total
-------------------------+-------+-------+-------+-------+-------+-------++-------
Melee: War axe           |    48 |   107 |   437 |   392 |       |       ||   984
       Broad axe         |       |       |       |   696 |  1480 |  1154 ||  3330
Throw: Throwing net      |       |       |       |       |       |     2 ||     2
Invok: Lesser Servant of |       |       |       |    11 |     7 |     7 ||    25
       Greater Servant o |       |       |       |       |     9 |     7 ||    16
 Abil: Heal Wounds       |     1 |     7 |    15 |    43 |    29 |    16 ||   111
       Evoke Flight      |       |       |       |     1 |       |       ||     1
Evoke: Wand              |       |       |       |     8 |    12 |       ||    20
       Lightning rod     |       |       |       |     4 |     4 |       ||     8
       Condenser vane    |       |       |       |       |     4 |     5 ||     9
       Tin of tremorston |       |       |       |       |       |     2 ||     2
  Use: Scroll            |       |       |    11 |    14 |     5 |    12 ||    42
       Potion            |       |       |       |       |     7 |     4 ||    11
 Stab: Distracted        |       |       |       |     2 |     5 |     8 ||    15
       Confused          |       |       |       |       |     9 |    10 ||    19
       Invisible         |       |       |       |       |     4 |       ||     4
       Held in net/web   |       |       |       |       |     2 |     1 ||     3
       Petrified         |       |       |       |       |     2 |       ||     2
       Petrifying        |       |       |       |       |     1 |       ||     1
       Sleeping          |       |       |       |       |       |     2 ||     2
Armor: Scale mail        |    12 |    65 |    52 |       |       |       ||   129
       Plate armour      |       |       |   209 |   121 |   319 |       ||   649
       Chain mail        |       |       |    17 |   587 |   708 |   522 ||  1834
Dodge: Dodged            |    12 |    60 |   107 |   333 |   287 |   187 ||   986
Block: Kite shield       |    18 |    71 |   294 |   755 |     3 |       ||  1141
       Tower shield      |       |       |       |       |  2473 |  1734 ||  4207
       Reflection        |       |       |       |       |       |    29 ||    29

Table legend: (Time is in decaauts)
 A = Elapsed time spent in this place.
 B = Non-inter-level travel time spent in this place.
 C = Inter-level travel time spent in this place.
 D = Time resting spent in this place.
 E = Time spent auto-exploring this place.
 F = Levels seen in this place.
 G = Mean time per level.
                   A        B        C        D        E       F      G
               +--------+--------+--------+--------+--------+-----+--------+
         Total |  19976 |  18023 |   1953 |     31 |  11417 |  39 |  512.2 |
       Dungeon |  10673 |   9729 |    944 |     31 |   6619 |  15 |  711.5 |
        Temple |     36 |     22 |     14 |      0 |     17 |   1 |   36.0 |
          Lair |   4140 |   3663 |    477 |      0 |   2685 |   6 |  690.0 |
         Swamp |   1161 |   1022 |    139 |      0 |    491 |   4 |  290.2 |
   Spider Nest |   1966 |   1746 |    220 |      0 |    739 |   4 |  491.5 |
    Slime Pits |    278 |    250 |     28 |      0 |      0 |   5 |   55.6 |
  Orcish Mines |   1322 |   1194 |    128 |      0 |    797 |   2 |  661.0 |
         Abyss |    158 |    158 |      0 |      0 |     63 |   1 |  158.0 |
        Bailey |    238 |    238 |      0 |      0 |      5 |   1 |  238.0 |
               +--------+--------+--------+--------+--------+-----+--------+

Top non-repeatable levels by time:
    D:13: 1264 daAuts
    D:11: 1116 daAuts
     D:6: 973 daAuts
     D:8: 944 daAuts
    D:15: 914 daAuts
   Orc:2: 910 daAuts
     D:4: 890 daAuts
  Lair:3: 864 daAuts
  Lair:6: 844 daAuts
    D:10: 832 daAuts
     D:9: 821 daAuts
  Lair:4: 755 daAuts
    D:12: 720 daAuts
  Lair:5: 705 daAuts
  Lair:2: 703 daAuts
